 Dungeon Crawl Stone Soup version 0.30.0-29-ga12c61a403 (webtiles) character file.

Game seed: 10421801157380487104

95 qw the Chopper (level 4, -3/28 HPs)
             Began as a Gargoyle Fighter on June 3, 2023.
             Slain by Sigmund
             ... wielding a +0 scythe
              (9 damage)
             ... on level 2 of the Dungeon.
             The game lasted 00:00:48 (1253 turns).

qw the Chopper (Gargoyle Fighter)                   Turns: 1253, Time: 00:00:49

Health: -3/28      AC: 10    Str: 21    XL:     4   Next: 66%
Magic:  4/4        EV:  9    Int:  9    God:
Gold:   37         SH:  0    Dex:  9    Spells: 3/3 levels left

rFire   . . .        Y - +0 war axe
rCold   . . .        c - +0 buckler
rNeg    + . .        b - +0 scale mail
rPois   inf          (no helmet)
rElec   +            (no cloak)
rCorr   .            (no gloves)
SInv    .            (no boots)
Will    .....        h - amulet of reflection Stlth
                     (no ring)
HPRegen 0.24/turn    (no ring)
MPRegen 0.09/turn

%: reflection
@: confused
A: sickness immunity, AC +3, negative energy resistance 1, electricity
resistance, torment resistance 1, petrification resistance
a: no special abilities


You were on level 2 of the Dungeon.
You visited 1 branch of the dungeon, and saw 2 of its levels.

You collected 37 gold pieces.


Innate Abilities, Weirdness & Mutations

You are immune to sickness and miasma.
Your stone body is resilient. (AC +3)
You are immune to poison.
You resist negative energy. (rN+)
You are resistant to electric shocks. (rElec)
You are resistant to unholy torment.
You are immune to petrification.


   Skills:
 - Level 3.2 Fighting
 + Level 4.3 Axes
 - Level 3.2 Armour
 - Level 3.2 Shields


You had 3 spell levels left.
You didn't know any spells.
Your spell library was empty.

Inventory:

Hand Weapons
 j - a +0 whip
 Y - a +0 war axe (weapon)
Armour
 b - a +0 scale mail (worn)
 c - a +0 buckler (worn)
 l - a +0 chain mail
Jewellery
 e - an amulet of faith
 f - a ring of fire
 g - a ring of protection from fire
 h - an amulet of reflection (around neck)
Scrolls
 a - 3 scrolls of identify
 k - a scroll of fear {unknown}
Potions
 d - a potion of might
 i - a potion of haste {unknown}

Dungeon Overview and Level Annotations

Branches:
Dungeon (2/15)

Altars:

Annotations:
D:2 Sigmund


Message History

Sigmund is lightly wounded.
Sigmund closely misses you.
You hit Sigmund but do no damage.
Sigmund is lightly wounded.
Sigmund casts a spell at you. The magic dart hits you.
You closely miss Sigmund.
Sigmund is lightly wounded.
Sigmund barely misses you.
You barely miss Sigmund.
Sigmund is lightly wounded.
You block Sigmund's attack.
You hit Sigmund but do no damage.
Sigmund is lightly wounded.
You block Sigmund's attack.
You barely miss Sigmund.
Sigmund is lightly wounded.
You block Sigmund's attack.
You hit Sigmund but do no damage.
Sigmund is lightly wounded.
Sigmund barely misses you.
You barely miss Sigmund.
Sigmund is lightly wounded.
You barely miss Sigmund.
Sigmund is lightly wounded.
Sigmund casts a spell.
Sigmund flickers and vanishes!
Deactivating autopickup; reactivate with Ctrl-A.
You hear some strange, mumbled words.
A puff of flame appears from out of thin air!
The puff of flame hits you!
You closely miss something.
You hear some strange, mumbled words.
You are confused.
You bump into the rock wall.
You hear some strange, mumbled words.
You are more confused.
You miss something. Something hits you!
You die...

#..## #...............# ##..##
##................
##.)###.................
###.#...%..............#
######.)...##...............#
###......##..........?........#
##...####.....##.###...........#
##..#......######.# .....#.......
#.....#######..{@.##..##########.
#..#### #.##### #. #### .. ..
#... .. . .


There were no monsters in sight!

Vanquished Creatures
  A hound (D:2)
  An adder (D:2)
  2 worms (D:2)
  2 dart slugs (D:1)
  4 ball pythons
  2 bats
  5 endoplasms (D:1)
  4 giant cockroaches
  3 goblins
  7 hobgoblins
  6 kobolds
  2 quokkas
  2 frilled lizards
  3 rats
44 creatures vanquished.

Notes
Turn   | Place    | Note
-------+----------+-------------------------------------------
     0 | D:1      | qw the Gargoyle Fighter began the quest for the Orb.
     0 | D:1      | Reached XP level 1. HP: 14/14 MP: 1/1
     0 | D:1      | 0 ||| qw: Version: 0.2-a-103-g5a998e5
     0 | D:1      | 0 ||| qw: Game counter: 1008
     0 | D:1      | 0 ||| qw: Always use a shield: true
     0 | D:1      | 0 ||| qw: God list: Okawaru
     0 | D:1      | 0 ||| qw: Allow faded altars: false
     0 | D:1      | 0 ||| qw: Do Orc after D:15 true
     0 | D:1      | 0 ||| qw: Do second Lair branch before Depths: true
     0 | D:1      | 0 ||| qw: Lair rune preference: random
     0 | D:1      | 0 ||| qw: Plans: Normal, Zot:1-4, Slime:5, God:TSO, Crypt,
                  | Tomb, Pan, Hells, Abyss, Win
     0 | D:1      | 0 ||| PLANNING D:1-11
    77 | D:1      | 77 ||| Stepping ~*~*~tactically~*~*~ (hiding).
    82 | D:1      | Reached skill level 2 in Axes
    84 | D:1      | HP: 3/14 [kobold/+0 dagger (3)]
   175 | D:1      | Reached XP level 2. HP: 16/19 MP: 2/2
   224 | D:1      | 224 ||| Stepping ~*~*~tactically~*~*~ (stealth).
   237 | D:1      | 237 ||| Stepping ~*~*~tactically~*~*~ (hiding).
   249 | D:1      | Reached skill level 3 in Axes
   309 | D:1      | Reached XP level 3. HP: 23/23 MP: 3/3
   448 | D:1      | 448 ||| DROPPING +0 club.
   703 | D:1      | 703 ||| UPGRADING to amulet of reflection.
   708 | D:1      | 708 ||| DROPPING ring of flight.
   709 | D:1      | 709 ||| READING 3 scrolls labelled UMMODEFEYP.
   710 | D:1      | 710 ||| READING scroll labelled ZEACKY ELUBU.
   711 | D:1      | 711 ||| READING scroll labelled JAVVEI UCKI.
   880 | D:2      | 880 ||| Stepping ~*~*~tactically~*~*~ (stealth).
   900 | D:2      | 900 ||| Stepping ~*~*~tactically~*~*~ (stealth).
   957 | D:2      | Reached XP level 4. HP: 27/28 MP: 4/4
  1026 | D:2      | Reached skill level 4 in Axes
  1233 | D:2      | Noticed Sigmund
  1250 | D:2      | HP: 5/28 [something/puff of flame (10)]
  1253 | D:2      | Slain by Sigmund

Levels and vault maps discovered:
D:1:      dpeg_arrival_more_subterranean_lakeside_camping, layout_basic
D:2:      layout_rooms, uniq_sigmund

Skill      XL: |  1  2  3  4 |
---------------+-------------+-----
Axes           | 2 3 4 |  4.3
Fighting       | |  3.2
Armour         | |  3.2
Shields        | |  3.2

Action                     |  1- 3 |  4- 6 || total
---------------------------+-------+-------++-------
  Melee: War axe           |   127 |    34 ||   161
    Use: Scroll            |     3 |       ||     3
 Armour: Scale mail        |    48 |     9 ||    57
  Dodge: Dodged            |    50 |    14 ||    64
  Block: Buckler           |    30 |    10 ||    40
         Reflection        |     2 |       ||     2

Table legend:
 A = Non-vault XP
 B = Vault XP
 C = Vault XP percentage of total XP
 D = Non-vault monster count
 E = Vault monster count
 F = Vault count percentage of total count
                 A         B        C        D         E       F
            +---------+---------+-------+---------+---------+-------
      Total |     137 |       0 |   0.0 |      44 |       0 |   0.0
            +---------+---------+-------+---------+---------+-------
        D:1 |      48 |       0 |   0.0 |      24 |       0 |   0.0
        D:2 |      89 |       0 |   0.0 |      20 |       0 |   0.0
            +---------+---------+-------+---------+---------+-------
